 Dungeon Crawl Stone Soup version 0.29-a0-352-g0917bc69df (webtiles) character file.

Game seed: 5490147398330839222

85 ObtusePanda the Skirmisher (level 4, 0/40 HPs)
             Began as a Draconian Fighter on Apr 23, 2022.
             Was a Believer of Wu Jian.
             Slain by a gnoll
             ... wielding a +0 spear
              (4 damage)
             ... on level 2 of the Dungeon.
             The game lasted 00:11:58 (2107 turns).

ObtusePanda the Skirmisher (Draconian Fighter)      Turns: 2107, Time: 00:11:59

Health: 0/40       AC:  5    Str: 19    XL:     4   Next: 25%
Magic:  4/4        EV: 12    Int:  8    God:    Wu Jian [**....]
Gold:   105        SH:  4    Dex: 12    Spells: 3/3 levels left

rFire   . . .      SeeInvis +   a - +0 rapier
rCold   . . .      Faith    .   b - +0 buckler
rNeg    . . .      Spirit   .   (body armour unavailable)
rPois   .          Reflect  .   (helmet restricted)
rElec   .          Harm     .   (no cloak)
rCorr   .          Rampage  .   (no gloves)
Will    .....                   (no boots)
Stlth   +.........              (no amulet)
HPRegen 0.13/turn               i - ring of see invisible
MPRegen 0.09/turn               (no ring)

@: no status effects
A: AC +5, unfitting armour, cold-blooded
a: Renounce Religion, Wall Jump


You were on level 2 of the Dungeon.
You worshipped Wu Jian.
Wu Jian was pleased with you.
You visited 1 branch of the dungeon, and saw 2 of its levels.

You collected 105 gold pieces.

Inventory:

Hand Weapons
 a - a +0 rapier (weapon)
 k - a +3 whip
Armour
 b - a +0 buckler (worn)
 n - a +0 helmet
Jewellery
 i - a ring of see invisible (left hand)
Scrolls
 d - a scroll of enchant weapon {unknown}
 e - a scroll of immolation {unknown}
 f - a scroll of vulnerability
 g - a scroll of blinking {unknown}
 h - 2 scrolls of identify
 m - a scroll of teleportation {unknown}
Potions
 c - a potion of degeneration {unknown}
 j - a potion of mutation {unknown}
 l - a potion of brilliance {unknown}
 o - a potion of haste {unknown}


   Skills:
 * Level 4.2 Fighting
 * Level 3.1 Short Blades
 + Level 3.0 Dodging
 + Level 3.4 Shields


You had 3 spell levels left.
You didn't know any spells.
Your spell library contained the following spells:

 Spells                   Type           Power      Damage    Failure   Level
 Slow                     Hex            0%         N/A       50%         1
 Confusing Touch          Hex            0%         N/A       86%         3
 Vampiric Draining        Necr           0%         2d6       86%         3


Dungeon Overview and Level Annotations

Branches:
Dungeon (2/15)

Altars:
Wu Jian


Innate Abilities, Weirdness & Mutations

Your plain brown scales are hard. (AC +5)
You cannot fit into any form of body armour.
You are cold-blooded and may be slowed by cold attacks.


Message History

The ball python barely misses you. The ball python closely misses you.
You block the ball python's attack.
The ball python attacks as you move away!
You block the ball python's attack. The ball python misses you.
You spin and attack the ball python.
You closely miss the ball python.
Your tail-slap misses the ball python.
The ball python is moderately wounded.
You block the ball python's attack. The ball python barely misses you.
You spin and attack the ball python.
You barely miss the ball python.
The ball python is moderately wounded.
You block the ball python's attack. The ball python grabs you.
The ball python constricts you.
The gnoll hits you from afar with a +0 spear.
* * * LOW HITPOINT WARNING * * *
The ball python bites you but does no damage.
The ball python constricts you.
You escape the ball python's grasp.
The ball python attacks as you move away!
The ball python barely misses you.
The ball python attacks as you move away!
The ball python bites you but does no damage.
The ball python barely misses you.
The ball python attacks as you move away!
The ball python misses you. The ball python completely misses you.
You block the ball python's attack.
Okay, then.
The ball python attacks as you move away!
The ball python barely misses you.
The ball python attacks as you move away!
You block the ball python's attack. The ball python misses you.
You block the ball python's attack.
The ball python attacks as you move away!
The ball python bites you but does no damage.
You spin and attack the gnoll.
You closely miss the gnoll.
The gnoll is lightly wounded.
You block the gnoll's attack. The gnoll misses you.
The ball python attacks as you move away!
You block the ball python's attack.
The gnoll hits you from afar with a +0 spear.
You die...

######### #.# #...... #.......#
#.# #####...
#.......#######.#######.......
#.......#.............#.###...
#.......#..........)..#.####'#
#.......#.....................
#.......#...............##....
#.......#...............#....)
#.......#....@S.........#.....
#.......#.....g.........#.....
####.......#######g#...##..#.....
...'.......).)..........#..#.....
####..................#.#..#.....
......#####...........#.#..#.....
#.###.#####.............# #.....
.......g....#####'#.#####..##....
#####.###########.#.# #........


You could see 2 gnolls and a ball python.

Vanquished Creatures
  A gnoll (D:2)
  A worm (D:2)
  A dart slug (D:1)
  3 orcs (D:2)
  3 endoplasms
  3 giant cockroaches
  5 hobgoblins
  9 jackals
  6 kobolds
  5 quokkas
  3 ball pythons
  6 bats
  4 frilled lizards
  7 goblins
  A rat (D:1)
58 creatures vanquished.

Notes
Turn   | Place    | Note
-------+----------+-------------------------------------------
     0 | D:1      | ObtusePanda the Draconian Fighter began the quest for the
                  | Orb.
     0 | D:1      | Reached XP level 1. HP: 19/19 MP: 1/1
   184 | D:1      | Reached XP level 2. HP: 11/26 MP: 2/2
   446 | D:1      | Found a faded altar of an unknown god.
   456 | D:1      | Prayed at the altar of an unknown god.
   456 | D:1      | Became a worshipper of the Wu Jian Council
   456 | D:1      | Reached * piety under Wu Jian
   915 | D:1      | Reached XP level 3. HP: 25/33 MP: 3/3
  1397 | D:2      | Reached ** piety under Wu Jian
  1481 | D:2      | Reached skill level 4 in Fighting
  1709 | D:2      | Reached XP level 4. HP: 38/40 MP: 4/4
  1903 | D:2      | Identified the +0 chain mail "Noinueloll" {+Inv rC- Dex+5}
  2070 | D:2      | HP: 1/40 [gnoll/+0 spear (5)]
  2090 | D:2      | HP: 2/40 [gnoll/+0 spear (1)]
  2107 | D:2      | Slain by a gnoll

Illustrated notes

Levels and vault maps discovered:
D:1:      amcnicky_arrival_wind_blow, layout_basic,
          dilly_ecumenical_altar_fadedgnrine
D:2:      layout_basic, guppyfry_early_orc_mine

Skill      XL: |  1  2  3  4 |
---------------+-------------+-----
Fighting       | 4 |  4.2
Dodging        | 3 |  3.0
Short Blades   | 3 |  3.1
Shields        | |  3.4

Action                   |  1- 3 |  4- 6 || total
-------------------------+-------+-------++-------
Melee: Rapier            |   145 |    30 ||   175
       Tailslap          |    13 |     4 ||    17
Invok: Whirlwind         |    41 |    14 ||    55
       Lunge             |     8 |     4 ||    12
  Use: Potion            |     1 |       ||     1
       Scroll            |       |     1 ||     1
 Stab: Sleeping          |     1 |       ||     1
Armor: Skin              |    46 |    11 ||    57
Dodge: Dodged            |    83 |    32 ||   115
Block: Buckler           |    32 |    17 ||    49

Table legend: (Time is in decaauts)
 A = Elapsed time spent in this place.
 B = Non-inter-level travel time spent in this place.
 C = Inter-level travel time spent in this place.
 D = Time resting spent in this place.
 E = Time spent auto-exploring this place.
 F = Levels seen in this place.
 G = Mean time per level.
                   A        B        C        D        E       F      G
               +--------+--------+--------+--------+--------+-----+--------+
         Total |   2118 |   2097 |     21 |    167 |   1065 |   2 | 1059.0 |
       Dungeon |   2118 |   2097 |     21 |    167 |   1065 |   2 | 1059.0 |
               +--------+--------+--------+--------+--------+-----+--------+

Top non-repeatable levels by time:
     D:1: 1311 daAuts
     D:2: 807 daAuts
